 Dungeon Crawl Stone Soup version 0.23-a0-32-g1388f29e54 (webtiles) character file.

2019 Htamos the Summoner (level 9, -2/62 HPs)
             Began as a Mummy Summoner on Aug 4, 2018.
             Was a Believer of Sif Muna.
             Slain by a killer bee (4 damage)
             ... on level 7 of the Dungeon.
             The game lasted 00:28:09 (10889 turns).

Htamos the Summoner (Mummy Summoner)               Turns: 10889, Time: 00:28:10

Health: -2/62      AC:  6    Str: 11    XL:     9   Next: 3%
Magic:  3/21       EV: 12    Int: 18    God:    Sif Muna [**....]
Gold:   160        SH:  0    Dex: 12    Spells: 14/24 levels left

rFire    x . .     SeeInvis .   r - +1 broad axe (elec)
rCold    + . .     Gourm    .   (no shield)
rNeg     + + +     Faith    .   a - +0 robe
rPois    ∞         Spirit   .   (no helmet)
rElec    .         Reflect  .   t - +0 cloak
rCorr    .         Harm     .   k - +2 pair of gloves
MR       +....                  (no boots)
Stlth    ++........             (no amulet)
HPRegen  0.20/turn              (no ring)
MPRegen  0.17/turn              (no ring)

@: no status effects
A: no food or potions, fire vulnerability, cold resistance 1, negative energy
resistance 3, torment resistance, unbreathing
a: Divine Energy, Renounce Religion


You were on level 7 of the Dungeon.
You worshipped Sif Muna.
Sif Muna was pleased with you.
You were not hungry.

You visited 2 branches of the dungeon, and saw 8 of its levels.

You collected 410 gold pieces.
You spent 250 gold pieces at shops.

Inventory:

Hand Weapons
 h - a +0 trident
 o - a +0 rapier
 p - a +1 short sword of electrocution
 q - a +0 great sword
 r - a +1 broad axe of electrocution (weapon)
 s - a +4 quarterstaff of chaos
 y - a +1 flail of protection
Armour
 a - a +0 robe (worn)
 k - a +2 pair of gloves (worn)
 l - a +3 ring mail of poison resistance
 t - a +0 cloak (worn)
Jewellery
 w - the ring "Vaderaoxt" {+Fly rC+ MP+9 Dex+7 Slay-4, unknown}
   (You found it on level 5 of the Dungeon)

   [ring of protection from cold]

   It affects your dexterity (+7).
   It affects your accuracy and damage with ranged weapons and melee attacks
   (-4).
   It protects you from cold.
   It affects your magic capacity (+9).
   It lets you fly.
 x - an uncursed amulet of magic regeneration {unknown}
 z - an uncursed ring of see invisible {unknown}
Wands
 v - a wand of iceblast (4)
Scrolls
 b - 6 scrolls of identify
 c - 8 scrolls of teleportation {unknown}
 d - 2 scrolls of amnesia {unknown}
 e - a scroll of fear {unknown}
 f - a scroll of enchant armour {unknown}
 g - a scroll of blinking {unknown}
 i - 3 scrolls of enchant weapon
 j - 4 scrolls of immolation {unknown}
 m - 7 scrolls of remove curse {unknown}
 n - a scroll of magic mapping {unknown}
 u - a scroll of fog {unknown}


   Skills:
 + Level 2.4 Fighting
 - Level 1.6 Dodging
 - Level 1.6 Stealth
 + Level 8.3 Spellcasting
 * Level 8.6 Summonings


You had 14 spell levels left.
You knew the following spells:

 Your Spells              Type           Power        Failure   Level  Hunger
a - Summon Small Mammal   Summ           ####         1%          1    N/A
b - Call Imp              Summ           #####...     1%          2    N/A
c - Call Canine Familiar  Summ           #####...     1%          3    N/A
d - Summon Ice Beast      Ice/Summ       ###.....     16%         4    N/A

Your spell library contained the following spells:

 Spells                   Type           Power        Failure   Level  Hunger
 Regeneration             Chrm/Necr      #.........   28%         3    N/A
 Shroud of Golubria       Chrm/Tloc      #.........   14%         2    N/A
 Infusion                 Chrm           #...         10%         1    N/A
 Song of Slaying          Chrm           #.......     14%         2    N/A
 Spectral Weapon          Hex/Chrm       #.......     28%         3    N/A
 Summon Lightning Spire   Summ/Air       ###.....     16%         4    N/A
 Summon Guardian Golem    Hex/Summ       ###.....     4%          3    N/A

Dungeon Overview and Level Annotations

Branches:
Dungeon (7/15)             Temple (1/1) D:4

Altars:
Cheibriados
Dithmenos
Elyvilon
Fedhas
Hepliaklqana
Makhleb
Nemelex Xobeh
Okawaru
Ru
Sif Muna
Trog
Uskayaw
Vehumet
Xom
Yredelemnul
Zin
The Shining One

Shops:
D:4 (   D:6 ?[   D:7 !(

Annotations:
D:5 3 runed doors, Gerstahl's ghost, novice DsMo


Innate Abilities, Weirdness & Mutations

You do not eat or drink.
Your flesh is vulnerable to fire.
You are immune to poison.
Your flesh is cold resistant. (rC+)
You are immune to negative energy. (rN+++)
You are immune to unholy pain and torment.
You can survive without breathing.


Message History

That beam is likely to hit you.
Continue anyway?
Okay, then.
Evoke which item? (* to show all) (? for menu, Esc to quit)
Aiming: Iceblast
Press: ? - help, Shift-Dir - straight line, f - ice beast
Aim: an ice beast (severely wounded, friendly, summoned)
Okay, then.
Okay, then.
Evoke which item? (* to show all) (? for menu, Esc to quit)
Aiming: Iceblast
Press: ? - help, Shift-Dir - straight line, f - ice beast
Aim: an ice beast (severely wounded, friendly, summoned) Really fire at your ice beast?
The mass of ice explodes!
The iceblast engulfs your ice beast.
Your ice beast partially resists.
You kill your ice beast!
The iceblast engulfs the killer bee.
The killer bee is severely wounded.
The killer bee stings you.
You die...

## ## #.####.)# ##@.$##.#
# ##. ##yy†###.## .##
#..# ##Y....##..####.$#
....####...#..##.........
.#........##...#.........
...^.....####............
.........###(...........
#.......#[.5.........
.##.
##...#...............


You could see 2 killer bees, a friendly ice beast and a friendly crimson imp.

Vanquished Creatures
  Edmund (D:6)
  2 centaurs (D:5)
  3 bullfrogs
  A scorpion (D:6)
  2 wights (D:7)
  2 howler monkeys (D:6)
  3 hounds
  A jelly (D:5)
  4 orc priests
  Crazy Yiuf (D:4)
  5 orc wizards
  3 worker ants (D:6)
  An adder (D:3)
  3 shadow imps
  An ooze (D:4)
  2 dart slugs (D:3)
  2 leopard geckos
  18 orcs
  A ball python (D:3)
  6 bats
  2 giant cockroaches
  6 goblins
  A hobgoblin (D:3)
  4 jackals
  2 kobolds
  A quokka (D:7)
  2 frilled lizards
  A jackal zombie (D:6)
  A leopard gecko skeleton (D:6)
  9 rats
91 creatures vanquished.

Vanquished Creatures (collateral kills)
  Eustachio (D:4)
  Duvessa (D:3)
  2 sky beasts (D:5)
  An orc warrior (D:6)
  A necrophage (D:6)
  A phantom (D:5)
  5 ogres
  A bullfrog (D:7)
  Dowan (D:4)
  2 killer bees (D:7)
  A howler monkey (D:6)
  A wight (D:7)
  5 orc priests
  4 orc wizards
  Ijyb (D:5)
  2 worker ants (D:6)
  2 adders (D:2)
  A worm (D:3)
  A dart slug (D:2)
  12 orcs
  2 goblins
  4 hobgoblins
  8 jackals
  2 bats
62 creatures vanquished.

Vanquished Creatures (others)
  3 fungi (D:5)
  A plant (D:5)
4 creatures vanquished.

Grand Total: 157 creatures vanquished

Notes
Turn   | Place    | Note
-------+----------+-------------------------------------------
     0 | D:1      | Htamos the Mummy Summoner began the quest for the Orb.
     0 | D:1      | Reached XP level 1. HP: 13/13 MP: 4/4
   710 | D:1      | Reached XP level 2. HP: 15/19 MP: 6/6
  2175 | D:1      | Learned a level 2 spell: Call Imp
  2539 | D:2      | Reached XP level 3. HP: 14/24 MP: 4/7
  3087 | D:3      | Found a hazy altar of Hepliaklqana.
  3184 | D:3      | Reached XP level 4. HP: 21/30 MP: 4/9
  4192 | D:3      | Learned a level 3 spell: Call Canine Familiar
  4235 | D:4      | Found a shimmering altar of Xom.
  4256 | D:4      | Noticed Eustachio
  4276 | D:4      | Killed Eustachio
  4276 | D:4      | Reached skill level 5 in Summonings
  4276 | D:4      | Reached XP level 5. HP: 23/35 MP: 5/11
  4919 | D:4      | Noticed Dowan
  4935 | D:4      | Killed Dowan
  4938 | D:4      | Noticed Duvessa
  5252 | D:3      | Killed Duvessa
  5252 | D:3      | Reached XP level 6. HP: 32/41 MP: 3/13
  5337 | D:4      | Reached skill level 5 in Spellcasting
  5843 | D:4      | Found Fapamau's Antique Weapon Shop.
  5851 | D:4      | Bought a glowing broad axe for 175 gold pieces
  5862 | D:4      | Found a staircase to the Ecumenical Temple.
  5874 | Temple   | Entered the Ecumenical Temple
  5907 | Temple   | Became a worshipper of Sif Muna the Loreminder
  6195 | D:4      | Found a runed door.
  6259 | D:4      | Noticed Crazy Yiuf
  6293 | D:4      | Killed Crazy Yiuf
  6415 | D:5      | Entered Level 5 of the Dungeon
  6550 | D:5      | Found a snail-covered altar of Cheibriados.
  6567 | D:5      | Noticed Ijyb
  6586 | D:5      | Killed Ijyb
  6671 | D:5      | Reached XP level 7. HP: 39/46 MP: 11/15
  6794 | D:5      | Found a runed gate.
  6796 | D:5      | Noticed Gerstahl's ghost (novice DsMo)
  7122 | D:5      | Found a runed gate.
  7122 | D:5      | Found a runed gate.
  7202 | D:5      | Reached * piety under Sif Muna
  7416 | D:5      | Got a steaming copper ring
  8046 | D:6      | Found Ezadi's Armour Boutique.
  8129 | D:6      | Reached XP level 8. HP: 48/52 MP: 18/18
  8450 | D:6      | Found Lucoluet's Magic Scroll Emporium.
  8460 | D:6      | Bought a scroll of enchant weapon for 75 gold pieces
  8531 | D:6      | Noticed Edmund
  8600 | D:6      | Killed Edmund
  8810 | D:6      | Found a bloodstained altar of Trog.
  8947 | D:7      | Found Zoeben's Distillery.
  9549 | D:7      | Found Otepsuj's Antique Weapon Emporium.
  9560 | D:7      | Reached skill level 1 in Fighting
 10498 | D:7      | Found a burning altar of Makhleb.
 10609 | D:7      | Reached ** piety under Sif Muna
 10764 | D:7      | Learned a level 4 spell: Summon Ice Beast
 10807 | D:7      | Reached XP level 9. HP: 62/62 MP: 16/21
 10887 | D:7      | HP: 2/62 [killer bee (8)]
 10889 | D:7      | Slain by a killer bee

Vault maps used:
D:1:      dpeg_arrival_arbitrary_b
D:2:      kennysheep_generic_room_5
D:3:      overflow_temple_1_default, first_ration
D:4:      minmay_temple_entry_trees, serial_shops, nicolae_shop_trees,
          brannock_xom_greatest_gift, uniq_crazy_yiuf_cottage, uniq_eustachio,
          uniq_duvessa
D:5:      gammafunk_ghost_nasty_kobolds, basic_altar, uniq_ijyb
D:6:      serial_shops, shop, shop, basic_altar, due_unseen_surprise,
          uniq_edmund
D:7:      serial_shops, shop, nicolae_shop_crystal,
          nicolae_shop_temple_entry_statues_fountains,
          nicolae_shop_behind_doors, grunt_livestock, bloody_makhleb
Temple:   kilobyte_greek_temple

Skill      XL: |  1  2  3  4  5  6  7  8 |
---------------+-------------------------+-----
Spellcasting   | 3 4 5 6 8 |  8.3
Summonings     | 4 5 6 7 8 |  8.6
Fighting       | 2 |  2.4
Dodging        | |  1.6
Stealth        | |  1.6

Action                   |  1- 3 |  4- 6 |  7- 9 || total
-------------------------+-------+-------+-------++-------
Melee: Unarmed           |   118 |       |       ||   118
       Trident           |    29 |    93 |       ||   122
       Broad axe         |       |    18 |   163 ||   181
       Great sword       |       |     3 |       ||     3
       Flail             |       |       |    11 ||    11
 Cast: Summon Small Mamm |    40 |    15 |    12 ||    67
       Call Imp          |     2 |    43 |    32 ||    77
       Call Canine Famil |       |       |    50 ||    50
       Summon Ice Beast  |       |       |     5 ||     5
Evoke: Wand              |       |       |     2 ||     2
  Use: Scroll            |     1 |     1 |     1 ||     3
 Stab: Sleeping          |     3 |     1 |       ||     4
       Distracted        |       |     1 |       ||     1
Armor: Robe              |    52 |       |     5 ||    57
       Ring mail         |       |    58 |   146 ||   204
Dodge: Dodged            |   157 |    57 |   180 ||   394

Table legend:
 A = Spawn XP
 B = Non-spawn XP
 C = Spawn XP percentage of total XP
 D = Spawn monster count
 E = Non-spawn monster count
 F = Spawn count percentage of total count
 G = Total turns spent on level
                    A         B        C        D         E        F      G
               +---------+---------+-------+---------+---------+-------+---------
         Total |       0 |    2885 |   0.0 |       0 |     153 |   0.0 | 10889
               +---------+---------+-------+---------+---------+-------+---------
           D:1 |       0 |      25 |   0.0 |       0 |      20 |   0.0 |  2038
           D:2 |       0 |      30 |   0.0 |       0 |      14 |   0.0 |  1034
           D:3 |       0 |     217 |   0.0 |       0 |      29 |   0.0 |  2203
           D:4 |       0 |     269 |   0.0 |       0 |      14 |   0.0 |  1074
           D:5 |       0 |     700 |   0.0 |       0 |      18 |   0.0 |  1489
           D:6 |       0 |    1080 |   0.0 |       0 |      36 |   0.0 |  2317
           D:7 |       0 |     564 |   0.0 |       0 |      22 |   0.0 |   668
               +---------+---------+-------+---------+---------+-------+---------
